 Dungeon Crawl Stone Soup version 0.23.2-1-ga50397a6bc (webtiles) character file.

Game seed: 1514440615548402870

77 Bb4Qf6 the Chopper (level 4, -10/42 HPs)
             Began as a Deep Dwarf Fighter on May 29, 2019.
             Mangled by a gnoll
             ... wielding a +1 spear of distortion
              (16 damage)
             ... on level 2 of the Dungeon.
             The game lasted 00:01:30 (781 turns).

Bb4Qf6 the Chopper (Deep Dwarf Fighter)              Turns: 781, Time: 00:01:30

Health: -10/42     AC:  8    Str: 21    XL:     4   Next: 14%
Magic:  4/4        EV:  7    Int:  8    God:
Gold:   89         SH:  9    Dex: 12    Spells: 3/3 levels left

rFire    . . .     SeeInvis .   a - +0 war axe
rCold    . . .     Gourm    .   c - +0 shield
rNeg     . . .     Faith    .   b - +0 scale mail
rPois    .         Spirit   .   (no helmet)
rElec    .         Reflect  .   i - +0 cloak (curse)
rCorr    .         Harm     .   (no gloves)
MR       .....                  (no boots)
Stlth    ..........             (no amulet)
HPRegen  0.00/turn              (no ring)
MPRegen  0.09/turn              (no ring)

@: non-regenerating
A: damage resistance, heal wounds, sense surroundings 1, no regeneration
a: Heal Wounds


You were on level 2 of the Dungeon.
You were not hungry.

You visited 1 branch of the dungeon, and saw 2 of its levels.

You collected 89 gold pieces.

Inventory:

Hand Weapons
 a - a +0 war axe (weapon)
Armour
 b - a +0 scale mail (worn)
 c - a +0 shield (worn)
 i - a cursed +0 cloak (worn)
Scrolls
 h - a scroll of blinking {unknown}
Potions
 d - a potion of might
 e - a potion of flight {unknown}
 j - a potion of mutation {unknown}
 k - a potion of brilliance {unknown}
Comestibles
 f - 2 rations
 g - 3 chunks of flesh


   Skills:
 + Level 3.3 Fighting
 * Level 4.3 Axes
 - Level 3.2 Armour
 - Level 3.2 Shields


You had 3 spell levels left.
You didn't know any spells.
Your spell library was empty.

Dungeon Overview and Level Annotations

Branches:
Dungeon (2/15)

Altars:


Innate Abilities, Weirdness & Mutations

You are resistant to damage.
You can heal yourself by infusing magical energy.
You passively map a small area around you.
You do not regenerate.


Message History

A gnoll comes into view. It is wielding a +0 halberd.
You hit the gnoll but do no damage. The gnoll barely misses you.
You barely miss the gnoll.
You hear a shout!
You slash the gnoll!
You kill the gnoll!
You hit the gnoll but do no damage.
A gnoll comes into view.
It is wielding a +1 spear of distortion.
You block the gnoll's attack. x2
You hit the gnoll.
The gnoll is moderately wounded.
Your shield and scale mail prevent you from hitting the gnoll.
The gnoll hits you with a +0 halberd!
* * * LOW HITPOINT WARNING * * *
You block the gnoll's attack.
You closely miss the gnoll.
The gnoll is moderately wounded.
You completely miss the gnoll. The gnoll hits you with a +0 halberd.
The gnoll hits you but does no damage. Space warps horribly around you!!
You die...

#...........#.# * #
##..##รท######.# * *,#
###..........#.#######
,
.....##.####.#........
*,
..............######..
......#.####..# * * *
...^....# #..###### ,
* .....#..# #..##gg.#
, .....#..# #..##@# *
.....#..# #.....# *
.....#..# ##.####,*
...####>. ...# *
##.############ *
.(........, , *
##.####### ** ,* ,
.#.##### * * ,
.......# **


You could see 2 gnolls.

Vanquished Creatures
  A jelly (D:2)
  2 gnolls (D:2)
  An adder (D:2)
  A dart slug (D:1)
  2 leopard geckos
  A ball python (D:1)
  A giant cockroach (D:1)
  2 goblins
  A hobgoblin (D:1)
  2 kobolds (D:1)
  A quokka (D:2)
  A bat (D:1)
  A frilled lizard (D:2)
  3 rats
20 creatures vanquished.

Notes
Turn   | Place    | Note
-------+----------+-------------------------------------------
     0 | D:1      | Bb4Qf6 the Deep Dwarf Fighter began the quest for the Orb.
     0 | D:1      | Reached XP level 1. HP: 20/20 MP: 1/1
   184 | D:1      | Reached XP level 2. HP: 28/28 MP: 2/2
   580 | D:2      | Reached skill level 3 in Axes
   653 | D:2      | Reached XP level 3. HP: 23/34 MP: 3/3
   761 | D:2      | Reached skill level 4 in Axes
   772 | D:2      | Reached XP level 4. HP: 17/42 MP: 4/4
   781 | D:2      | Mangled by a gnoll

Skill      XL: |  1  2  3 |
---------------+----------+-----
Fighting       | 3 |  3.3
Axes           | 3 4 |  4.3
Armour         | |  3.2
Shields        | |  3.2

Action                   |  1- 3 |  4- 6 || total
-------------------------+-------+-------++-------
Melee: War axe           |    82 |     8 ||    90
Armor: Scale mail        |    37 |     1 ||    38
Dodge: Dodged            |    20 |     1 ||    21
Block: Shield            |    49 |     4 ||    53
